[Event "Late-Titled-Tuesday-Blitz-April-30-2024"]
[Site "Chess.com"]
[Date "2024.04.30"]
[Round "3"]
[White "KorolDimitriy75"]
[Black "Ditman2007"]
[Result "0-1"]
[WhiteElo "2355"]
[BlackElo "2672"]
[TimeControl "180+1"]
[EndTime "14:26:39 PDT"]
[Termination "Ditman2007 won by resignation"]

1. d4 Nf6 2. c4 c5 3. d5 b5 4. Nd2 bxc4 5. e4 c3 6. bxc3 d6 7. Qc2 g6 8. Bd3 Bg7 9. Ngf3 O-O 10. O-O Ba6 11. Rb1 Bxd3 12. Qxd3 Nbd7 13. c4 Qa5 14. a3 Rfb8 15. Bb2 Rb6 16. Bc3 Qa6 17. e5 dxe5 18. Nxe5 Rab8 19. Nxd7 Nxd7 20. Bxg7 Kxg7 21. Rbe1 Re8 22.
Re3 Rb2 23. Qc3+ Qf6 24. Qxb2 Qxb2 0-1

[Event "Late-Titled-Tuesday-Blitz-April-30-2024"]
[Site "Chess.com"]
[Date "2024.04.30"]
[Round "3"]
[White "FoggyMorning"]
[Black "nekotyanof"]
[Result "0-1"]
[WhiteElo "2481"]
[BlackElo "2707"]
[TimeControl "180+1"]
[EndTime "14:26:39 PDT"]
[Termination "nekotyanof won by resignation"]

1. e4 c5 2. Nf3 Nc6 3. d4 cxd4 4. Nxd4 Nf6 5. Nc3 e5 6. Ndb5 d6 7. Bg5 a6 8. Na3 b5 9. Nd5 Be7 10. Bxf6 Bxf6 11. c4 Nd4 12. cxb5 Bb7 13. Bc4 axb5 14. Nxb5 Bxd5 15. exd5 Qa5+ 16. Nc3 Qb4 17. Bb3 O-O 18. O-O Rfb8 19. Qg4 g6 20. h3 h5 21. Qg3 e4 22. Nxe4 Ne2+ 0-1

[Event "Late-Titled-Tuesday-Blitz-April-30-2024"]
[Site "Chess.com"]
[Date "2024.04.30"]
[Round "3"]
[White "TatjanaVasilevich"]
[Black "Charodej1"]
[Result "1-0"]
[WhiteElo "2620"]
[BlackElo "2424"]
[TimeControl "180+1"]
[EndTime "14:26:40 PDT"]
[Termination "TatjanaVasilevich won by resignation"]

1. d4 Nf6 2. c4 e6 3. Nc3 d5 4. cxd5 exd5 5. Bg5 c6 6. e3 Be7 7. Bd3 O-O 8. Nge2 Nbd7 9. O-O Re8 10. Qc2 Nf8 11. Rfe1 h6 12. Bh4 Ng4 13. Bxe7 Qxe7 14. h3 Nf6 15. Ng3 Qd6 16. Rad1 h5 17. e4 dxe4 18. Ngxe4 Nxe4 19. Nxe4 Qd8 20. Qe2 Bf5 21. Qxh5 Bg6 22. Qc5 Ne6 23. Qb4 Qxd4 24. Qxb7 Rab8 25. Qxc6 Rec8 26. Qd6 Qxb2 27. Rb1 1-0

[Event "Late-Titled-Tuesday-Blitz-April-30-2024"]
[Site "Chess.com"]
[Date "2024.04.30"]
[Round "3"]
[White "xberli"]
[Black "H3nriqueTV"]
[Result "1-0"]
[WhiteElo "2624"]
[BlackElo "2430"]
[TimeControl "180+1"]
[EndTime "14:26:51 PDT"]
[Termination "xberli won by checkmate"]

1. d4 Nf6 2. c4 g6 3. Nf3 Bg7 4. g3 O-O 5. Bg2 c5 6. d5 d6 7. O-O b5 8. cxb5 a6 9. bxa6 Bxa6 10. Nc3 Nbd7 11. Rb1 Rb8 12. Qc2 Nb6 13. Rd1 Bc4 14.
e4 Ng4 15. b3 Ba6 16. Bb2 h5 17. h3 Ne5 18. Nxe5 Bxe5 19. Ne2 f6 20. Nf4 Bxf4 21. gxf4 Qd7 22. e5 Kg7 23. e6 Qc7 24. Kh2 c4 25. Rg1 Qc5 26. b4 Qb5 27. Bf3 Qe8 28. Bxh5 Nxd5 29.
Rxg6+ Kh8 30. Rh6+ Kg7 31. Qh7# 1-0

[Event "Late-Titled-Tuesday-Blitz-April-30-2024"]
[Site "Chess.com"]
[Date "2024.04.30"]
[Round "3"]
[White "Carlitus2004"]
[Black "Adar_07"]
[Result "0-1"]
[WhiteElo "2486"]
[BlackElo "2710"]
[TimeControl "180+1"]
[EndTime "14:27:00 PDT"]
[Termination "Adar_07 won by resignation"]

1. Nf3 Nf6 2. e3 d5 3. b3 c6 4. Bb2 Bg4 5. Be2 e6 6. O-O Bd6 7.
d4 Nbd7 8. Nbd2 h5 9. c4 Qc7 10. Qc2 Bxh2+ 11. Nxh2 Bxe2 12. Rfe1 Ng4 13. Nhf3 Bxf3 14. Nxf3 Ndf6 15. Ba3 Ne4 16. cxd5 exd5 17. Ne5 f6 18. Nd3 Qh2+ 19. Kf1 Qh1+ 20. Ke2 Qxg2 21. Rg1 Qh2 22. Rh1 Ng3+ 23. Kf3 Nxh1 24. Qc5 Qh3+ 25.
Ke2 Ng3+ 26. fxg3 Qg2+ 27. Ke1 O-O-O 28. Qxa7 Rhe8 29. Qa8+ Kc7 30. Qa5+ Kb8 31. Be7 Qg1+ 32. Kd2 Qxe3+ 33. Kc2 Qxe7 34. Nc5 Qe2+ 35. Kc3 Re3+ 36.
Kb4 Qd2+ 37. Ka4 b5+ 0-1

[Event "Late-Titled-Tuesday-Blitz-April-30-2024"]
[Site "Chess.com"]
[Date "2024.04.30"]
[Round "3"]
[White "patzer-reloaded"]
[Black "rhwr"]
[Result "1-0"]
[WhiteElo "2562"]
[BlackElo "2279"]
[TimeControl "180+1"]
[EndTime "14:27:01 PDT"]
[Termination "patzer-reloaded won by resignation"]

1. d3 d5 2. Nf3 Nc6 3. g3 e5 4.
Bg2 Nf6 5. O-O Be7 6. Bg5 h6 7. Bxf6 Bxf6 8. e4 dxe4 9. dxe4 Qxd1 10. Rxd1 Bg4 11. c3 Ke7 12. Nbd2 Rhd8 13. Nc4 Ke6 14. Ne3 Bxf3 15. Bxf3 Rxd1+ 16. Rxd1 Bd8 17. Nd5 g6 18. Be2 Ne7 19. Bc4 Nxd5 20. Bxd5+ Ke7 21. Bxb7 Rb8 22. Bc6 Rxb2 23. Rd7+ Kf8 24. Rxd8+ Kg7 25. Bd5 1-0

[Event "Late-Titled-Tuesday-Blitz-April-30-2024"]
[Site "Chess.com"]
[Date "2024.04.30"]
[Round "3"]
[White "VirtualCoach"]
[Black "NLLO777"]
[Result "0-1"]
[WhiteElo "2070"]
[BlackElo "2542"]
[TimeControl "180+1"]
[EndTime "14:27:02 PDT"]
[Termination "NLLO777 won by resignation"]

1. Nf3 Nf6 2. b3 d5 3. Bb2 Bf5 4. g3 e6 5. Bg2 Nbd7 6. O-O h6 7. d3 c6 8. Nbd2 Be7 9. Re1 Bh7 10. e4 O-O 11. e5 Ne8 12. d4 c5 13. c4 Nc7 14. Rc1 Rc8 15. h4 Bg6 16. Nh2 cxd4 17.
Bxd4 b6 18. Bb2 Nc5 19. cxd5 Nxd5 20. Ne4 Bxe4 21. Bxe4 Nb4 22. Qxd8 Rfxd8 23. Rcd1 Rxd1 24.
Rxd1 Nxe4 0-1

[Event "Late-Titled-Tuesday-Blitz-April-30-2024"]
[Site "Chess.com"]
[Date "2024.04.30"]
[Round "3"]
[White "ChessSwole"]
[Black "crosky"]
[Result "1-0"]
[WhiteElo "2682"]
[BlackElo "2336"]
[TimeControl "180+1"]
[EndTime "14:27:03 PDT"]
[Termination "ChessSwole won by resignation"]

1. d4 Nf6 2. Nf3 e6 3. Bf4 b6 4. e3 Bb7 5. Nbd2 Be7 6. Bd3 O-O 7. h3 c5 8. O-O d6 9. Bh2 Nbd7 10. c3 Re8 11. a4 a6 12. Nc4 Qc7 13. Qb1 h6 14. b4 cxd4 15. cxd4 Nd5 16. Rc1 Qb8 17. e4 N5f6 18. e5 dxe5 19. Nfxe5 Nxe5 20. Bxe5 Qd8 21. a5 b5 22. Nb6 Ra7 23. Qb2 Nd5 24. Be4 Nxb6 25. axb6 Qxb6 26. Bc7 1-0

[Event "Late-Titled-Tuesday-Blitz-April-30-2024"]
[Site "Chess.com"]
[Date "2024.04.30"]
[Round "3"]
[White "nitpicker"]
[Black "whiteglovethief"]
[Result "0-1"]
[WhiteElo "2232"]
[BlackElo "2497"]
[TimeControl "180+1"]
[EndTime "14:27:07 PDT"]
[Termination "whiteglovethief won by resignation"]

1. d4 Nf6 2. c4 c5 3. d5 b5 4. cxb5 a6 5. e3 e6 6. Nc3 Bb7 7. dxe6 fxe6 8. a4 d5 9. Nf3 Bd6 10. Be2 O-O 11. O-O e5 12. e4 d4 13. Bc4+ Kh8 14.
Nd5 Nxd5 15. Re1 Nb6 16. Bf1 axb5 17. Bxb5 Nc6 18. Ng5 Qf6 19. Rf1 Nb4 20. a5 Ba6 21. Bxa6 Rxa6 22. Ra3 Nc4 23. Rh3 h6 24. Qh5 Be7 25. Nf3 Nd3 26. Bg5 Qf7 27. Bxe7 Qxh5 28. Rxh5 Rxf3 29. gxf3 Nd2 30. Rd1 Nxf3+ 31. Kf1 Nxb2 32.
Rb1 Nd2+ 33. Ke2 Nxb1 34. Rxe5 Nc3+ 35. Kf3 d3 36. Rxc5 d2 37. Rc8+ Kh7 0-1

[Event "Late-Titled-Tuesday-Blitz-April-30-2024"]
[Site "Chess.com"]
[Date "2024.04.30"]
[Round "3"]
[White "bascheyaro"]
[Black "AlexSuv"]
[Result "1-0"]
[WhiteElo "2850"]
[BlackElo "2567"]
[TimeControl "180+1"]
[EndTime "14:27:09 PDT"]
[Termination "bascheyaro won by resignation"]

1. d4 Nf6 2. Nf3 g6 3. c4 Bg7 4.
Nc3 O-O 5. Bf4 d6 6. e3 Nbd7 7. Be2 c6 8. O-O Qe8 9. h3 e5 10. dxe5 dxe5 11. Bg3 Qe7 12. Qc2 Nh5 13. Bh4 Bf6 14.
Bxf6 Nhxf6 15. Rad1 Re8 16. a3 Nc5 17. b4 Bf5 18.
Qb2 Nce4 19. Nxe4 Nxe4 20. c5 f6 21. Bd3 Rad8 22. Qc2 Nxf2 23. Bc4+ Kg7 24. Qxf2 a6 25. Bb3 Be4 26. Rxd8 Rxd8 27. Rd1 h5 28. Rxd8 Qxd8 29. Qd2 Qe7 30. Qd6 Qxd6 31. cxd6 Kf8 32. Nd2 Bd3 33. Nc4 Ke8 34. Nb6 Bf5 35. Kf2 g5 36. Bd1 h4 37.
Bg4 Be4 38. Na4 f5 39. Nc5 Bxg2 40. Bh5+ 1-0

[Event "Late-Titled-Tuesday-Blitz-April-30-2024"]
[Site "Chess.com"]
[Date "2024.04.30"]
[Round "3"]
[White "OppieZippy"]
[Black "BillCoe"]
[Result "1-0"]
[WhiteElo "2403"]
[BlackElo "2149"]
[TimeControl "180+1"]
[EndTime "14:27:09 PDT"]
[Termination "OppieZippy won by resignation"]

1. e4 c5 2. Nf3 e6 3. b3 d5 4. exd5 exd5 5. Bb5+ Bd7 6. Bxd7+ Nxd7 7. O-O Be7 8. Bb2 Ngf6 9. d4 O-O 10. Nc3 b6 11. dxc5 Nxc5 12. h3 Nce4 13. Ne2 Qc7 14. Ned4 Rac8 15. Qd3 Rfe8 16. Rac1 Bd6 17. Nb5 Qb8 18.
Nxd6 Qxd6 19. Nd4 Qf4 20. Rcd1 Nd7 21. Ne2 Qg5 22. Nd4 Ne5 23. Qa6 Rc7 24. f4 Qg3 25. fxe5 Rxe5 26. Nf5 Rxf5 27. Rxf5 g6 28. Rf3 Qg5 29.
Qe2 Rd7 30. c4 f5 31. Rxd5 1-0

[Event "Late-Titled-Tuesday-Blitz-April-30-2024"]
[Site "Chess.com"]
[Date "2024.04.30"]
[Round "3"]
[White "guillembaches"]
[Black "Semyon_Khanin"]
[Result "0-1"]
[WhiteElo "2589"]
[BlackElo "2875"]
[TimeControl "180+1"]
[EndTime "14:27:11 PDT"]
[Termination "Semyon_Khanin won on time"]

1. d4 Nf6 2. Nf3 d5 3. Bg5 Nbd7 4. Nbd2 b6 5. e3 Bb7 6. Bd3 g6 7. O-O Bg7 8. c3 O-O 9. Re1 Ne4 10. Bh4 f5 11. Qe2 c5 12. Ba6 Bxa6 13. Qxa6 c4 14.
Nxe4 fxe4 15. Ng5 e6 16. Nf3 Bf6 17. Bxf6 Qxf6 18. Ne5 Qxf2+ 19. Kh1 Nxe5 20. dxe5 Qxb2 21. Qb7 Qxc3 22. Qe7 Qxe5 0-1

[Event "Late-Titled-Tuesday-Blitz-April-30-2024"]
[Site "Chess.com"]
[Date "2024.04.30"]
[Round "3"]
[White "h4parah5"]
[Black "Pig-filth"]
[Result "1-0"]
[WhiteElo "3030"]
[BlackElo "2291"]
[TimeControl "180+1"]
[EndTime "14:27:14 PDT"]
[Termination "h4parah5 won by resignation"]

1. d4 Nc6 2. Nf3 d5 3. Bf4 Bg4 4. Nbd2 Nf6 5. h3 Bh5 6. e3 e6 7.
Bb5 Bd6 8. g4 Bxf4 9. exf4 Bg6 10. Ne5 O-O 11. Bxc6 bxc6 12. c3 Qd6 13. Nb3 Ne4 14.
f3 Nf6 15. Nc5 Rfb8 16. Qe2 a5 17. a4 Rb6 18. Rh2 Rab8 19. h4 h5 20. g5 Nh7 21.
Nxg6 fxg6 22. Qxe6+ Qxe6+ 23. Nxe6 Rxb2 24. Rxb2 Rxb2 25. Nxc7 Nf8 26. Kf1 Kf7 27. Re1 Ra2 28. Re5 Rxa4 29. Ne8 Ne6 30. Nd6+ Ke7 31. Nc8+ Kd7 32. Nb6+ 1-0

[Event "Late-Titled-Tuesday-Blitz-April-30-2024"]
[Site "Chess.com"]
[Date "2024.04.30"]
[Round "3"]
[White "Iuckyducky"]
[Black "Real_taiatai"]
[Result "0-1"]
[WhiteElo "2217"]
[BlackElo "2477"]
[TimeControl "180+1"]
[EndTime "14:27:17 PDT"]
[Termination "Real_taiatai won by resignation"]

1. d4 d5 2. c4 dxc4 3. Nf3 c5 4. e3 cxd4 5. exd4 b5 6. a4 b4 7. Bxc4 Bb7 8. Bxf7+ Kxf7 9. Ne5+ Ke8 10. Qh5+ g6 11. Nxg6 Nf6 12. Qh4 Rg8 13. Nxf8 Kxf8 14. Bg5 Nbd7 15.
Nd2 Qa5 16. f4 Qd5 17. Nf3 Ba6 18. Kf2 Ne4+ 19. Ke3 Nxg5 20. Nxg5 Nf6 21. Qh6+ Ke8 22. Rhe1 Ng4+ 0-1

[Event "Late-Titled-Tuesday-Blitz-April-30-2024"]
[Site "Chess.com"]
[Date "2024.04.30"]
[Round "3"]
[White "schachlana"]
[Black "Road2GM3000"]
[Result "1-0"]
[WhiteElo "2362"]
[BlackElo "2510"]
[TimeControl "180+1"]
[EndTime "14:27:18 PDT"]
[Termination "schachlana won by resignation"]

1. e4 e5 2. Nf3 Nf6 3. Nxe5 d6 4. Nf3 Nxe4 5. Bd3 d5 6. O-O Bd6 7. Re1 f5 8. c4 O-O 9. cxd5 Ng5 10. Nc3 f4 11.
Ne4 Bg4 12. Nexg5 Nd7 13. Ne6 Qf6 14. Nxf8 Ne5 15. Nxh7 Qh6 16. Be4 Re8 17. b3 Nxf3+ 18. gxf3 Bh3 19. Kh1 Qh4 20. Bb2 Qxf2 21. Rg1 Rxe4 22.
Rxg7+ Kh8 23. Rg2+ 1-0

[Event "Late-Titled-Tuesday-Blitz-April-30-2024"]
[Site "Chess.com"]
[Date "2024.04.30"]
[Round "3"]
[White "bubeliang"]
[Black "1g60-1"]
[Result "1-0"]
[WhiteElo "2807"]
[BlackElo "2441"]
[TimeControl "180+1"]
[EndTime "14:27:19 PDT"]
[Termination "bubeliang won by resignation"]

1. e4 e6 2. d4 d5 3. e5 c5 4. c3 Nc6 5. Nf3 Bd7 6. Be2 f6 7. O-O fxe5 8. Nxe5 Nxe5 9. dxe5 Qc7 10. Bf4 O-O-O 11. c4 d4 12. Re1 Ne7 13. Bd3 Ng6 14. Bg3 Be7 15. Nd2 Rdf8 16. Ne4 Nf4 17. Qd2 Nxd3 18. Qxd3 Bc6 19. Nd6+ Kb8 20. a3 h5 21. h3 h4 22. Bh2 g5 23. b4 g4 24. b5 Bd7 25. hxg4 h3 26. gxh3 Bxd6 27. exd6 Qd8 28. Qg3 Qf6 29. a4 d3 30. Rad1 b6 31.
Rxd3 e5 32. Qg2 e4 33. Rde3 Bc8 34. d7+ 1-0

[Event "Late-Titled-Tuesday-Blitz-April-30-2024"]
[Site "Chess.com"]
[Date "2024.04.30"]
[Round "3"]
[White "ArchibaldCerveza29"]
[Black "OIAM03"]
[Result "1-0"]
[WhiteElo "2361"]
[BlackElo "1948"]
[TimeControl "180+1"]
[EndTime "14:27:22 PDT"]
[Termination "ArchibaldCerveza29 won on time"]

1. e4 c5 2. c3 d5 3. exd5 Nf6 4. d4 cxd4 5. cxd4 Nxd5 6. Nf3 e6 7. Nc3 Nc6 8. Bd3 Be7 9. O-O O-O 10. a3 h6 11. Be3 Bf6 12. Qd2 Nxe3 13. fxe3 e5 14.
d5 Na5 15. Rad1 Nb3 16. Qf2 Nc5 17. Bb1 Re8 18. Kh1 Bg4 19. e4 b6 20. h3 Bxf3 21.
Qxf3 Rc8 22. Ne2 Qd7 23. Ng3 Qb5 24. Nh5 Nd7 25. Bd3 Qxb2 26. Rb1 Qxa3 27. Bb5 Qxf3 28. Rxf3 1-0

[Event "Late-Titled-Tuesday-Blitz-April-30-2024"]
[Site "Chess.com"]
[Date "2024.04.30"]
[Round "3"]
[White "rhungaski"]
[Black "XDPS"]
[Result "0-1"]
[WhiteElo "2567"]
[BlackElo "2831"]
[TimeControl "180+1"]
[EndTime "14:27:24 PDT"]
[Termination "XDPS won by resignation"]

1. b3 d5 2. Bb2 Bf5 3. g3 e6 4. Bg2 Nf6 5. Nf3 h6 6. O-O Be7 7. d3 O-O 8. Nbd2 Bh7 9. c4 c6 10. Qc2 Nbd7 11. a3 a5 12. Bc3 b5 13. cxb5 cxb5 14. b4 a4 15. Qb2 Qb6 16. Bd4 Qb7 17.
Rac1 Rfc8 18. Ne5 Bf8 19. Ndf3 Rxc1 20. Rxc1 Rc8 21. Rc3 Nxe5 22. Nxe5 Ne8 23. Qc1 Rxc3 24. Qxc3 f6 25. Nc6 Bg6 26. f4 Nd6 27. Na7 Be8 28.
e4 dxe4 29. dxe4 Nxe4 30. Qc2 f5 31. h3 Qd5 32. Be3 Qb3 33. Bxe4 Qxe3+ 0-1

[Event "Late-Titled-Tuesday-Blitz-April-30-2024"]
[Site "Chess.com"]
[Date "2024.04.30"]
[Round "3"]
[White "Evan_Attaker"]
[Black "jactorres"]
[Result "1-0"]
[WhiteElo "2643"]
[BlackElo "2444"]
[TimeControl "180+1"]
[EndTime "14:27:27 PDT"]
[Termination "Evan_Attaker won by checkmate"]

1. Nf3 Nf6 2. c4 c6 3. d4 d5 4. Nc3 e6 5. g3 Be7 6. Bg2 a6 7. a4 Nbd7 8. O-O a5 9. Qc2 O-O 10. e4 dxe4 11. Nxe4 c5 12. Rd1 Qb6 13. Ne5 Nxe5 14.
dxe5 Nxe4 15. Bxe4 h6 16. Bf4 Rd8 17. Rxd8+ Bxd8 18. Rd1 Qc7 19. Qd2 Be7 20. h4 h5 21.
Bg5 Bxg5 22. Qxg5 Rb8 23. Qd8+ Qxd8 24. Rxd8# 1-0

[Event "Late-Titled-Tuesday-Blitz-April-30-2024"]
[Site "Chess.com"]
[Date "2024.04.30"]
[Round "3"]
[White "gmcorrales"]
[Black "SVijayalakshmi"]
[Result "1-0"]
[WhiteElo "2829"]
[BlackElo "2559"]
[TimeControl "180+1"]
[EndTime "14:27:32 PDT"]
[Termination "gmcorrales won by resignation"]

1. e4 e5 2. Nf3 Nc6 3. d4 exd4 4. Nxd4 Nf6 5. Nxc6 bxc6 6. e5 Qe7 7. Qe2 Nd5 8. h4 Nb6 9. g3 Bb7 10. Bg2 O-O-O 11.
O-O f6 12. Re1 fxe5 13. Bg5 Qf7 14. Bxd8 Kxd8 15. Qxe5 Bd6 16. Qe2 Rf8 17. Nc3 Kc8 18.
Ne4 Kb8 19. Nxd6 cxd6 20. b3 Nc8 21. c4 h6 22. Rad1 g5 23. hxg5 hxg5 24. Rd3 Qh7 25. Qe4 Qh6 26. g4 Rf4 27. Qe2 Qh4 28.
Rg3 Rf6 29. Rh3 Re6 30. Rxh4 Rxe2 31. Rxe2 gxh4 32. g5 1-0

[Event "Late-Titled-Tuesday-Blitz-April-30-2024"]
[Site "Chess.com"]
[Date "2024.04.30"]
[Round "3"]
[White "SergioMoralesG"]
[Black "AlexeiShirov"]
[Result "0-1"]
[WhiteElo "2464"]
[BlackElo "2816"]
[TimeControl "180+1"]
[EndTime "14:27:35 PDT"]
[Termination "AlexeiShirov won by resignation"]

1. d4 d5 2. c4 e6 3. Nf3 Nf6 4. Nc3 c6 5. e3 Nbd7 6. Qc2 Bd6 7. Bd3 O-O 8. O-O dxc4 9. Bxc4 b5 10. Be2 Bb7 11. h3 e5 12. Rd1 Qe7 13.
dxe5 Nxe5 14. Nd4 g6 15. f4 Nc4 16. e4 Bc5 17. e5 Nxe5 18. fxe5 Qxe5 19. Bf3 Bxd4+ 20. Kh1 Bb6 21. Bh6 Bc7 22. Kg1 Qh2+ 23. Kf1 Rfe8 24. Ne2 Bb6 25. Nd4 Rad8 26. Qf2 Rxd4 27.
Rxd4 Qh1+ 28. Qg1 Qxg1+ 29. Kxg1 Bxd4+ 0-1

[Event "Late-Titled-Tuesday-Blitz-April-30-2024"]
[Site "Chess.com"]
[Date "2024.04.30"]
[Round "3"]
[White "RandomNoob04"]
[Black "Polish_fighter3000"]
[Result "0-1"]
[WhiteElo "2731"]
[BlackElo "3076"]
[TimeControl "180+1"]
[EndTime "14:27:38 PDT"]
[Termination "Polish_fighter3000 won by resignation"]

1. e4 c6 2. c4 e5 3. Nf3 d6 4. d4 Nd7 5. Nc3 Be7 6. Be2 Ngf6 7. O-O O-O 8. h3 Re8 9. Be3 Bf8 10. d5 a5 11. Qc2 Qc7 12. Rad1 g6 13. Nd2 Bg7 14. Kh1 Nc5 15. Bxc5 dxc5 16. Nf3 Bf8 17. dxc6 bxc6 18. b3 Nh5 19. Bd3 Nf4 20. Ne2 Ne6 21. Qd2 a4 22. Ne1 axb3 23. axb3 h5 24. Qe3 Qe7 25. Qg3 Qf6 26. f4 exf4 27. Nxf4 Bd6 28. Nxh5 Qxf1+ 29. Bxf1 Bxg3 30. Nxg3 Rb8 31. Rd3 Nd4 32. Ne2 Rxe4 0-1

[Event "Late-Titled-Tuesday-Blitz-April-30-2024"]
[Site "Chess.com"]
[Date "2024.04.30"]
[Round "3"]
[White "artin10862"]
[Black "HalfIsCrayfish"]
[Result "1-0"]
[WhiteElo "2858"]
[BlackElo "2586"]
[TimeControl "180+1"]
[EndTime "14:27:39 PDT"]
[Termination "artin10862 won by resignation"]

1. c4 Nf6 2. Nc3 e5 3. Nf3 Nc6 4. e4 Bb4 5. d3 O-O 6. a3 Bxc3+ 7. bxc3 d6 8. g3 Ne8 9. Nh4 g6 10. Bg2 Ng7 11. O-O f5 12. exf5 Nxf5 13. Nf3 Bd7 14.
h4 Ng7 15. Ng5 Qe7 16. Qb3 Kh8 17. Qxb7 Rab8 18. Qxc7 Rbc8 19. Qb7 Rb8 20. Qa6 Rb6 21. Qa4 e4 22. Nxe4 Bg4 23. Bg5 Qe6 24. d4 Be2 25.
Rfe1 Bxc4 26. Nd2 Bd3 1-0

[Event "Late-Titled-Tuesday-Blitz-April-30-2024"]
[Site "Chess.com"]
[Date "2024.04.30"]
[Round "3"]
[White "DuleMudule"]
[Black "WPWPWP-2015"]
[Result "1-0"]
[WhiteElo "2785"]
[BlackElo "2484"]
[TimeControl "180+1"]
[EndTime "14:27:40 PDT"]
[Termination "DuleMudule won on time"]

1. d4 Nf6 2. Bg5 e6 3. e3 Be7 4. Nd2 O-O 5. Ngf3 b6 6. Bxf6 Bxf6 7. Bd3 Bb7 8. h4 h6 9. g4 Be7 10. g5 h5 11. g6 fxg6 12. Bxg6 Rf6 13. Rg1 d6 14.
Nh2 Nd7 15. Qxh5 Nf8 16. Be4 d5 17. Bd3 Qe8 18. Qe2 Rh6 19. Ndf3 c5 20. Ng4 Rh5 21. c3 c4 22. Bc2 b5 23. Nfe5 b4 24. Kd2 a5 25.
Rg3 a4 26. Rag1 Kh8 27. Nh2 Bf6 28. Ng6+ Kg8 29. Qxh5 a3 30. Qh8+ Kf7 31. Ne5+ Ke7 32. Rxg7+ Kd6 33. Rxb7 b3 34. Qxf6 1-0

[Event "Late-Titled-Tuesday-Blitz-April-30-2024"]
[Site "Chess.com"]
[Date "2024.04.30"]
[Round "3"]
[White "trriinu"]
[Black "subham777"]
[Result "0-1"]
[WhiteElo "2246"]
[BlackElo "2472"]
[TimeControl "180+1"]
[EndTime "14:27:41 PDT"]
[Termination "subham777 won by resignation"]

1. e4 e6 2. d4 d5 3. Nd2 c5 4.
Ngf3 cxd4 5. Nxd4 Nc6 6. Nxc6 bxc6 7. g3 Bd6 8. Bg2 Ne7 9. O-O O-O 10. Re1 Ng6 11. Nb3 a5 12. Be3 a4 13. Nc5 Qa5 14. Nd3 Ba6 15. Bd2 Qb6 16. e5 Be7 17. Bf1 c5 18. h4 c4 19. Nf4 Qxb2 20. h5 Nxe5 21. Rb1 Qd4 22. c3 Qxd2 23. Qxd2 Nf3+ 24. Kg2 Nxd2 25.
Nxd5 exd5 26. Rxe7 Nxb1 0-1

[Event "Late-Titled-Tuesday-Blitz-April-30-2024"]
[Site "Chess.com"]
[Date "2024.04.30"]
[Round "3"]
[White "kleber2007"]
[Black "hammahamma"]
[Result "1-0"]
[WhiteElo "2522"]
[BlackElo "2277"]
[TimeControl "180+1"]
[EndTime "14:27:42 PDT"]
[Termination "kleber2007 won by resignation"]

1. a3 g6 2. d4 Bg7 3. Nf3 d5 4. Bf4 Nf6 5. e3 O-O 6. c4 c6 7. Nc3 e6 8. Bd3 Nbd7 9. Bd6 Re8 10. c5 b5 11. O-O a5 12. h3 Ba6 13. b4 h6 14. Qc2 Nh7 15. Rad1 e5 16. e4 exd4 17. Ne2 Ng5 18. Nxg5 Qxg5 19. f4 Qh5 20. e5 axb4 21. axb4 Bb7 22. Nxd4 Nf8 23. Rde1 Ne6 24. Nxe6 fxe6 25. Bxg6 Qh4 26. Bxe8 Rxe8 27. Qg6 Ra8 28. Qxe6+ Kh8 29. Qg4 Qd8 30. f5 1-0

[Event "Late-Titled-Tuesday-Blitz-April-30-2024"]
[Site "Chess.com"]
[Date "2024.04.30"]
[Round "3"]
[White "PNEPaul"]
[Black "ploxoi"]
[Result "0-1"]
[WhiteElo "1952"]
[BlackElo "2369"]
[TimeControl "180+1"]
[EndTime "14:27:45 PDT"]
[Termination "ploxoi won by resignation"]

1. e4 c6 2. d4 d5 3. Nc3 dxe4 4.
f3 Nf6 5. fxe4 Bg4 6. Be2 Bxe2 7.
Ngxe2 e6 8. O-O Be7 9. Bg5 O-O 10. Bxf6 Bxf6 11. e5 Be7 12. Ne4 Nd7 13. c3 c5 14. Kh1 cxd4 15. cxd4 Qb6 16. Qd3 Rad8 17. Qg3 Kh8 18. b3 Qc6 19. Ng5 Bxg5 20. Qxg5 Qe4 21.
Rae1 Qg6 22. Qxg6 hxg6 23. Rc1 Rc8 24. Rxc8 Rxc8 25. Rxf7 Rc7 26. Re7 Kg8 27. Rxe6 Rc2 28. Ng1 Rxa2 29. Re7 Nf8 30. Rxb7 Ne6 31. d5 Nf4 32. d6 Kf8 33. Rb8+ Kf7 34. Rb7+ Ke8 35. Rxg7 Ra1 36. h3 Ne2 37. Rxg6 Nxg1 38. g4 Nf3+ 39.
Kg2 Nh4+ 0-1

[Event "Late-Titled-Tuesday-Blitz-April-30-2024"]
[Site "Chess.com"]
[Date "2024.04.30"]
[Round "3"]
[White "Alexei_Gubajdullin"]
[Black "KebabJangles"]
[Result "1-0"]
[WhiteElo "2565"]
[BlackElo "2312"]
[TimeControl "180+1"]
[EndTime "14:27:49 PDT"]
[Termination "Alexei_Gubajdullin won by resignation"]

1. Nf3 Nf6 2. g3 g6 3. Bg2 Bg7 4. O-O O-O 5. d3 d6 6. Nbd2 c5 7. e4 Nc6 8. Re1 Rb8 9. a4 a6 10. Nc4 b5 11. axb5 axb5 12. Ne3 Bb7 13. h4 Ra8 14.
Rxa8 Qxa8 15. Nd5 e6 16. Nxf6+ Bxf6 17. h5 Qa2 18. Nh2 Bxb2 19. Bh6 Bg7 20. Bxg7 Kxg7 21. Ng4 Qb2 22. Qd2 Kg8 23. e5 Nxe5 24. Rxe5 Bxg2 25. Qh6 Qc1+ 26. Qxc1 1-0

[Event "Late-Titled-Tuesday-Blitz-April-30-2024"]
[Site "Chess.com"]
[Date "2024.04.30"]
[Round "3"]
[White "MiguelBestard1981"]
[Black "CDOEspiao"]
[Result "0-1"]
[WhiteElo "2143"]
[BlackElo "2544"]
[TimeControl "180+1"]
[EndTime "14:27:50 PDT"]
[Termination "CDOEspiao won by resignation"]

1. e4 c5 2. Nf3 e6 3. d4 cxd4 4. Nxd4 a6 5. Bd3 Bc5 6. Be3 Qb6 7.
c3 Qxb2 8. Nb3 Bxe3 9. fxe3 Qxg2 10. Rf1 Nc6 11. N1d2 Ne5 12. Be2 Qxh2 13. Qc2 Qg3+ 14.
Rf2 Qxe3 15. Nf1 Qg5 16. Nbd2 Qh4 17. Nf3 Nxf3+ 18. Bxf3 Nf6 19. O-O-O O-O 20. Rh2 Qf4+ 21. Nd2 Qxh2 22. Rh1 Qf4 23. e5 Qxe5 24. Kb1 d5 25.
Bg2 Qf5 0-1

[Event "Late-Titled-Tuesday-Blitz-April-30-2024"]
[Site "Chess.com"]
[Date "2024.04.30"]
[Round "3"]
[White "Mischuk_D"]
[Black "osielchesslover2011"]
[Result "1-0"]
[WhiteElo "2806"]
[BlackElo "2229"]
[TimeControl "180+1"]
[EndTime "14:27:51 PDT"]
[Termination "Mischuk_D won by resignation"]

1. d4 Nf6 2. c4 g6 3. Nc3 Bg7 4. e4 d6 5. h3 O-O 6. Be3 e5 7. d5 Nbd7 8. g4 Ne8 9. Qd2 Nc5 10. b4 Na6 11. a3 f5 12. gxf5 gxf5 13. exf5 Bxf5 14.
Nge2 Nf6 15. Ng3 Bg6 16. Be2 c6 17. h4 cxd5 18. cxd5 h5 19. Rg1 Rc8 20. Nb5 Nc7 21. Nxa7 Ncxd5 22. Nxc8 Qxc8 23. Rc1 Qe6 24. Bc4 Rc8 25.
Bg5 Ne4 26. Qxd5 1-0

[Event "Late-Titled-Tuesday-Blitz-April-30-2024"]
[Site "Chess.com"]
[Date "2024.04.30"]
[Round "3"]
[White "dosto07"]
[Black "mjelcic"]
[Result "1-0"]
[WhiteElo "2521"]
[BlackElo "2337"]
[TimeControl "180+1"]
[EndTime "14:27:55 PDT"]
[Termination "dosto07 won by resignation"]

1. e4 g6 2. d4 Bg7 3. Nf3 d6 4.
Nc3 a6 5. a4 Nf6 6. Be2 O-O 7.
O-O c6 8. Re1 Qc7 9. h3 e5 10.
Be3 b6 11. Qd2 Nbd7 12. Rad1 Re8 13. dxe5 dxe5 14. Qd6 Qxd6 15. Rxd6 Bb7 16. Bc4 Bf8 17. Rdd1 b5 18. Bb3 b4 19. Ng5 bxc3 20. Bxf7+ Kg7 21. Bxe8 Rxe8 22. bxc3 h6 23. Nf3 Nc5 24. Rb1 Ba8 25. Rb6 Nxa4 26. Rxa6 Nxc3 27. Ra7+ Kg8 28. Nxe5 Rxe5 29.
Bd4 Rxe4 30. Bxc3 Rc4 31. Bxf6 Rf4 32. Rxa8 Rxf6 33. Ree8 Kg7 34. Rxf8 Rxf8 35. Rxf8 Kxf8 36. Kf1 Ke7 37. Ke2 Ke6 38. Kd3 Kd5 39. c4+ Ke5 40. Ke3 c5 41. f4+ Kf5 42. g4+ Ke6 43. Ke4 h5 44. g5 Kd6 45. f5 gxf5+ 46. Kxf5 Ke7 1-0